 Seeded DCSS version 0.30.0-29-ga12c61a403 (webtiles) character file.

Game seed: 14673204648628227727 (custom seed)

1015 McKennaii the Conjurer (level 7, -6/50 HPs)
             Began as a Demigod Conjurer on June 11, 2023.
             Killed by miscasting Iskenderun's Mystic Blast (12 damage)
             ... on level 8 of the Dungeon.
             The game lasted 00:04:46 (5607 turns).

McKennaii the Conjurer (Demigod Conjurer)           Turns: 5607, Time: 00:04:46

Health: -6/50      AC:  3    Str:  8    XL:     7   Next: 70%
Magic:  4/16       EV: 13    Int: 28    God:
Gold:   220        SH:  0    Dex: 12    Spells: 7/14 levels left

rFire   . . .        g - staff of conjuration
rCold   . . .        (no shield)
rNeg    . . .        a - +0 robe
rPois   .            t - +0 helmet
rElec   .            (no cloak)
rCorr   .            (no gloves)
SInv    .            (no boots)
Will    .....        j - amulet of regeneration
Stlth   +++          (no ring)
HPRegen 1.08/turn    (no ring)
MPRegen 0.15/turn

%: no passive effects
@: very slightly contaminated
A: high MP 1, forlorn, divine attributes
a: no special abilities


You were on level 8 of the Dungeon.
You visited 1 branch of the dungeon, and saw 7 of its levels.

You collected 220 gold pieces.

Inventory:

Missiles
 c - 2 throwing nets
Armour
 a - a +0 robe (worn)
 t - a +0 helmet (worn)
Magical Staves
 g - a staff of conjuration (weapon)
 p - a staff of earth
 A - a staff of fire
Jewellery
 j - an amulet of regeneration (around neck)
 m - a ring of protection from cold
Wands
 v - a wand of light (11)
Scrolls
 d - a scroll of enchant weapon {unknown}
 e - 2 scrolls of enchant armour {unknown}
 h - 8 scrolls of identify {unknown}
 i - 2 scrolls of teleportation {unknown}
 n - 3 scrolls of acquirement {unknown}
 o - 3 scrolls of summoning {unknown}
 w - a scroll of immolation {unknown}
 x - a scroll of torment {unknown}
 y - a scroll of noise {unknown}
Potions
 b - 2 potions of magic
 f - a potion of might {unknown}
 k - a potion of flight {unknown}
 l - a potion of mutation {unknown}
 q - a potion of degeneration {unknown}
 r - 2 potions of haste {unknown}
 s - a potion of brilliance {unknown}
 u - a potion of curing {unknown}
 z - a potion of cancellation {unknown}


   Skills:
 + Level 4.5 Dodging
 + Level 4.9 Stealth
 + Level 4.1 Spellcasting
 + Level 5.5 Conjurations


You had 7 spell levels left.
You knew the following spells:

 Your Spells              Type           Power      Damage    Failure   Level
a - Magic Dart            Conj           100%       1d8       1%          1
b - Searing Ray           Conj           100%       2d8       1%          2
c - Iskenderun's Mystic   Conj/Tloc      32%        2d8       24%         4

Your spell library contained the following spells:

 Spells                   Type           Power      Damage    Failure   Level
 Momentum Strike          Conj/Tloc      64%        3d9       3%          2
 Dazzling Flash           Conj/Hex       64%        N/A       7%          3
 Necrotise                Necr           20%        1d5       8%          1
 Blink                    Tloc           10%        N/A       11%         2
 Lesser Beckoning         Tloc           10%        N/A       11%         2
 Scorch                   Fire           10%        2d5       11%         2
 Vampiric Draining        Necr           5%         2d6       22%         3
 Volatile Blastmotes      Fire/Tloc      10%        2d10      22%         3
 Flame Wave               Conj/Fire      32%        2d9       24%         4
 Fulminant Prism          Conj/Hex       16%        3d10      24%         4
 Passage of Golubria      Tloc           5%         N/A       58%         4
 Agony                    Necr           5%         N/A       90%         5
 Lee's Rapid Deconstruct  Erth           2%         3d5*      90%         5
 Silence                  Hex/Air        2%         N/A       90%         5
 Summon Cactus Giant      Summ           2%         N/A       100%        6
 Lehudib's Crystal Spear  Conj/Erth      16%        10d5      100%        8


Dungeon Overview and Level Annotations

Branches:
Dungeon (8/15)             Temple (0/1) D:4
   Lair: D:8-11


Innate Abilities, Weirdness & Mutations

You have an increased reservoir of magic. (+10% MP)
You shall have no god before yourself.
Your divine heritage dramatically boosts your attributes as you level up.


Message History

The yak is lightly wounded.
The searing ray hits the yak!
The yak is heavily wounded.
You finish channelling your searing ray.
The yak gores you!
Unknown command.
Casting: Searing Ray (safe; 1% risk of failure)
Confirm with . or Enter, or press ? or * to list all spells.
The spell is quite dangerous to miscast (24% risk of failure)!
Continue anyway?
Okay, then.
Unknown command.
The yak gores you!
* * * LOW HITPOINT WARNING * * *
The yak attacks as you move away! The yak gores you.
* * * LOW HITPOINT WARNING * * *
The yak attacks as you move away! The yak gores you.
* * * LOW HITPOINT WARNING * * *
You see here 6 gold pieces.
Unknown command.
Casting: Iskenderun's Mystic Blast (quite dangerous; 24% risk of failure)
Confirm with . or Enter, or press ? or * to list all spells.
The spell is quite dangerous to miscast (24% risk of failure)!
Continue anyway?
You feel a surge of power!
You erupt in a blast of force!
The mystic blast hits the yak!
The yak is almost dead.
The yak is knocked back by the mystic blast.
The yak slams into the rock wall!
You kill the yak!
The mystic blast hits the yak!
The yak is heavily wounded.
The yak is knocked back by the mystic blast.
You hear a bellow!
Unknown command.
Casting: Iskenderun's Mystic Blast (quite dangerous; 24% risk of failure)
Confirm with . or Enter, or press ? or * to list all spells.
The spell is quite dangerous to miscast (24% risk of failure)!
Continue anyway?
You feel a surge of power!
You miscast Iskenderun's Mystic Blast.
You are very lightly contaminated with residual magic.
A wave of violent energy washes through your body!
You die...

..#..###......
#####.#..##........
.........$..#... ..
.........#.........
#.###.# .....
#.....##.....
#.##....#...
##.###.#..##.
##...@.Y......#
###...####.#.####
####..........#..#
............### ..#
#...)........# #...
#.#..........# #
##.).<.....#
##.........#
#.#.........>#


You could see a yak.

Vanquished Creatures
  A yak (D:8)
  A black bear (D:8)
  A sky beast (D:8)
  An ogre (D:4)
  A bullfrog (D:4)
  A scorpion (D:4)
  A wight (D:7)
  A jelly (D:4)
  An orc priest (D:4)
  A gnoll bouda (D:7)
  2 iguanas
  Jessica (D:2)
  Natasha (thrice) (D:2)
  2 orc wizards
  6 gnolls
  A dart slug (D:2)
  9 orcs
  4 bats
  7 endoplasms
  2 giant cockroaches
  11 goblins
  3 hobgoblins
  9 jackals
  6 kobolds
  2 quokkas (D:2)
  9 ball pythons
  4 frilled lizards
  5 rats
96 creatures vanquished.

Notes
Turn   | Place    | Note
-------+----------+-------------------------------------------
     0 | D:1      | McKennaii the Demigod Conjurer began the quest for the Orb.
     0 | D:1      | Reached XP level 1. HP: 14/14 MP: 5/5
   381 | D:1      | Reached XP level 2. HP: 3/20 MP: 1/7
   394 | D:1      | HP: 1/20 [goblin/+0 dagger (2)]
  1223 | D:1      | Reached XP level 3. HP: 26/26 MP: 6/8
  1483 | D:2      | Noticed Jessica
  1485 | D:2      | Killed Jessica
  1486 | D:2      | Reached skill level 4 in Conjurations
  2227 | D:2      | Noticed Natasha
  2233 | D:2      | Killed Natasha
  2234 | D:2      | Reached XP level 4. HP: 27/33 MP: 4/10
  2237 | D:2      | Learned a level 2 spell: Searing Ray
  2734 | D:2      | Noticed Natasha
  2738 | D:2      | Killed Natasha
  2971 | D:2      | Noticed Natasha
  2980 | D:2      | Killed Natasha
  3173 | D:3      | Reached XP level 5. HP: 38/38 MP: 3/12
  4076 | D:4      | Learned a level 4 spell: Iskenderun's Mystic Blast
  4132 | D:4      | Found a staircase to the Ecumenical Temple.
  4400 | D:4      | Reached XP level 6. HP: 45/45 MP: 9/13
  5227 | D:5      | Entered Level 5 of the Dungeon
  5242 | D:5      | You fall into a shaft and drop 3 floors!
  5245 | D:8      | Reached skill level 5 in Conjurations
  5260 | D:8      | Reached XP level 7. HP: 43/50 MP: 4/15
  5363 | D:8      | Noticed a yak
  5592 | D:8      | Noticed a yak
  5606 | D:8      | Killed a yak
  5607 | D:8      | Killed by miscasting Iskenderun's Mystic Blast

Illustrated notes

Levels and vault maps discovered:
D:1:      sevenhm_arrival_forest_fort_small_4, layout_basic,
          hellmonk_ecumenical_altar_lost_god
D:2:      layout_loops_corners, basic_altar, uniq_natasha, uniq_jessica
D:3:      layout_basic, minivault_14
D:4:      layout_basic, minmay_temple_entry_butterflies, st_stairs_2,
          hangedman_abyss_or_decor_slice
D:5:      layout_gridville, uniq_sigmund, uniq_menkaure, uniq_grinder,
          uniq_pikel
D:7:      layout_basic
D:8:      layout_rooms, enter_ossuary_4, serial_shops, shop

Skill      XL: |  1  2  3  4  5  6  7 |
---------------+----------------------+-----
Stealth        | 2 3 4 |  4.9
Dodging        | 2 3 4 |  4.5
Spellcasting   | 2 3 4 |  4.1
Conjurations   | 4 5 |  5.5

Action                     |  1- 3 |  4- 6 |  7- 9 || total
---------------------------+-------+-------+-------++-------
  Melee: Unarmed           |    19 |       |       ||    19
         Punch             |     1 |       |       ||     1
         Staff             |       |       |     2 ||     2
   Cast: Magic Dart        |    89 |    85 |     7 ||   181
         Searing Ray       |       |    12 |     6 ||    18
         Iskenderun's Myst |       |       |     1 ||     1
 Armour: Robe              |     8 |     5 |     1 ||    14
  Dodge: Dodged            |    25 |    21 |     2 ||    48
